 Dungeon Crawl Stone Soup version 0.22-a0-189-g981819d (webtiles) character file.

2621 wolfsongas the Cleaver (level 9, -3/89 HPs)
             Began as a Deep Dwarf Fighter on Feb 15, 2018.
             Was an Initiate of Makhleb.
             Slain by an orc warrior
             ... wielding a +0 mace
              (5 damage)
             ... on level 8 of the Dungeon.
             The game lasted 00:09:37 (4744 turns).

wolfsongas the Cleaver (Deep Dwarf Fighter)         Turns: 4744, Time: 00:09:38

Health: -3/89      AC: 14    Str: 23    XL:     9   Next: 34%
Magic:  0/6        EV:  9    Int:  9    God:    Makhleb [......]
Gold:   334        SH: 13    Dex: 12    Spells: 8/8 levels left

rFire    . . .     SeeInvis .   a - +1 war axe
rCold    . . .     Gourm    .   c - +2 shield
rNeg     . . .     Faith    .   i - +0 chain mail
rPois    .         Spirit   +   (helmet restricted)
rElec    .         Reflect  .   (no cloak)
rCorr    .         Harm     .   g - +1 pair of gloves
MR       +....                  b - +1 pair of boots
Stlth    ..........             d - amulet of guardian spirit
HPRegen  0.00/turn              (no ring)
MPRegen  0.10/turn              (no ring)

@: non-regenerating
A: damage resistance, heal wounds, horns 1, sense surroundings 2, robust 1,
evolution 1, no potion heal 1, no regeneration
a: Heal Wounds, Renounce Religion


You were on level 8 of the Dungeon.
You worshipped Makhleb.
Makhleb was noncommittal.
You were not hungry.

You visited 2 branches of the dungeon, and saw 8 of its levels.

You collected 334 gold pieces.

Inventory:

Hand Weapons
 a - a +1 war axe (weapon)
Armour
 b - a +1 pair of boots (worn)
 c - a +2 shield (worn)
 g - a +1 pair of gloves (worn)
 i - a +0 chain mail (worn)
Jewellery
 d - an amulet of guardian spirit (around neck)
Wands
 n - a wand of iceblast (12)
Scrolls
 e - a scroll of remove curse
 h - 7 scrolls of identify
 k - a scroll of teleportation
 m - a scroll of fog
Comestibles
 f - 12 rations
 j - 15 chunks of flesh


   Skills:
 + Level 5.4 Fighting
 * Level 8.5 Axes
 + Level 6.5 Armour
 + Level 5.5 Dodging
 + Level 6.5 Shields


You had 8 spell levels left.
You didn't know any spells.

Dungeon Overview and Level Annotations

Branches:
Dungeon (8/15)             Temple (1/1) D:7
   Lair: D:8-11

Altars:
Ashenzari
Cheibriados
Dithmenos
Elyvilon
Fedhas
Gozag
Hepliaklqana
Kikubaaqudgha
Makhleb
Nemelex Xobeh
Okawaru
Qazlal
Ru
Sif Muna
Trog
Uskayaw
Vehumet
Wu Jian
Xom
Yredelemnul
Zin
The Shining One

Shops:
D:4 [   D:7 =


Innate Abilities, Weirdness & Mutations

You are resistant to damage.
You can heal yourself by infusing magical energy.
You passively map the area around you.
You do not regenerate.
You have a pair of small horns on your head.
You are robust. (+10% HP)
You evolve.
Potions are less effective at restoring your health.


Message History

You block the orc's attack. The orc warrior hits you with a mace!
* * * LOW HITPOINT WARNING * * *
An orc wizard comes into view. It is wielding a dagger.
Your shield and chain mail prevent you from hitting the orc warrior.
The orc warrior is moderately wounded.
The orc wizard shouts!
You hit the orc.
You kill the orc!
Makhleb accepts your kill.
You hit the orc but do no damage. You block the orc's attack.
The orc priest looks braver for a moment.
The orc warrior hits you with a mace!
* * * LOW HITPOINT WARNING * * *
An orc comes into view. It is wielding a morningstar.
The orc shouts!
You hit the orc warrior but do no damage.
The orc warrior is moderately wounded.
You hit the orc. You block the orc's attack.
The orc warrior hits you with a mace!
You die...

, , , ,,, ,....... , ..
,#.o.. ,*######. , .<.,
#o#.# ,# ###' .... #.#.#
.# #... , ,
...##+#o#.####.## #...
###..............# #... ,
.................# #... ,
, ......o).........# ####
* * , ,......o@..[.....# #
,,
,......o.....############
**######.#................
* #.################# * **
#. ,, , ...... , , ,.. *
###### * , ,.. , , ,,... *
* ... * * ### ,, , *, ...


You could see an orc warrior, an orc priest, an orc wizard and 3 orcs.

Vanquished Creatures
  The ghost of estick the Chopper, a novice HOGl (D:6)
  Sigmund (D:4)
  A water moccasin (D:7)
  An orc warrior (D:6)
  2 ogres
  A necrophage (D:6)
  The ghost of DakAttack the Poker, an amateur MfGl (D:3)
  A centaur (D:6)
  A crocodile (D:7)
  3 bullfrogs
  A scorpion (D:6)
  A crimson imp (D:6)
  A centaur zombie (D:8)
  4 hounds
  A jelly (D:8)
  A quasit (D:6)
  3 orc priests
  12 orc wizards
  A gnoll shaman (D:7)
  3 iguanas
  2 worker ants (D:7)
  A hound skeleton (D:4)
  5 adders
  7 gnolls
  An ooze (D:2)
  2 adder skeletons (D:4)
  2 worms
  3 dart slugs
  4 leopard geckos
  26 orcs
  12 bats
  3 giant cockroaches
  10 goblins
  8 hobgoblins
  4 jackals (D:2)
  2 quokkas
  A ball python (D:1)
  7 frilled lizards
  4 kobolds
  6 rats
151 creatures vanquished.

Notes
Turn   | Place    | Note
-------+----------+-------------------------------------------
     0 | D:1      | wolfsongas the Deep Dwarf Fighter began the quest for the Orb.
     0 | D:1      | Reached XP level 1. HP: 20/20 MP: 1/1
   236 | D:1      | Reached XP level 2. HP: 24/27 MP: 2/2
   804 | D:1      | Gained mutation: You are weak. (Str -2) [potion of mutation]
   804 | D:1      | Gained mutation: You are partially covered in iridescent scales. (AC +2) [potion of mutation]
   804 | D:1      | Gained mutation: Your magical capacity is low. (-10% MP) [potion of mutation]
   804 | D:1      | Gained mutation: Your mind is acute. (Int +2) [potion of mutation]
   805 | D:1      | Lost mutation: Your mind is acute. (Int +2) [potion of mutation]
   805 | D:1      | Lost mutation: Your magical capacity is low. (-10% MP) [potion of mutation]
   805 | D:1      | Gained mutation: You are somewhat resistant to further mutation. [potion of mutation]
   806 | D:1      | Lost mutation: You are weak. (Str -2) [potion of mutation]
   806 | D:1      | Lost mutation: You are somewhat resistant to further mutation. [potion of mutation]
   806 | D:1      | Lost mutation: You are partially covered in iridescent scales. (AC +2) [potion of mutation]
   806 | D:1      | Gained mutation: You have a pair of small horns on your head. [potion of mutation]
   806 | D:1      | Gained mutation: Potions are less effective at restoring your health. [potion of mutation]
   806 | D:1      | Gained mutation: You are robust. (+10% HP) [potion of mutation]
   806 | D:1      | Gained mutation: You evolve. [potion of mutation]
   901 | D:2      | Reached XP level 3. HP: 27/37 MP: 3/3
   903 | D:2      | Reached skill level 1 in Dodging
   929 | D:2      | Reached skill level 3 in Axes
  1418 | D:2      | Reached XP level 4. HP: 18/46 MP: 4/4
  1499 | D:3      | Noticed DakAttack's ghost (amateur MfGl)
  1510 | D:3      | Killed DakAttack's ghost
  1510 | D:3      | Reached XP level 5. HP: 21/53 MP: 5/5
  1550 | D:3      | Reached skill level 4 in Axes
  1565 | D:3      | Found a sacrificial altar of Ru.
  1847 | D:3      | Found a sparkling altar of Nemelex Xobeh.
  2027 | D:3      | Found a glowing silver altar of Zin.
  2417 | D:4      | Found Loukkeg's Armour Shop.
  2448 | D:4      | Reached XP level 6. HP: 50/61 MP: 0/5
  2651 | D:4      | Noticed Sigmund
  2660 | D:4      | Killed Sigmund
  2660 | D:4      | Reached skill level 5 in Axes
  2660 | D:4      | Reached XP level 7. HP: 30/69 MP: 0/6
  2953 | D:4      | You fall through a shaft for 2 floors!
  3001 | D:6      | Noticed estick's ghost (novice HOGl)
  3066 | D:6      | HP: 3/70 [orc warrior/enchanted hand axe (10)]
  3073 | D:6      | HP: 2/70 [orc priest/divine providence (14)]
  3086 | D:6      | Reached skill level 6 in Axes
  3086 | D:6      | Reached skill level 5 in Armour
  3086 | D:6      | Reached skill level 5 in Shields
  3092 | D:6      | Killed estick's ghost
  3092 | D:6      | Reached XP level 8. HP: 32/80 MP: 0/6
  3277 | D:6      | Reached skill level 7 in Axes
  3697 | D:6      | Reached skill level 5 in Fighting
  3906 | D:7      | Reached skill level 5 in Dodging
  3916 | D:7      | Gained mutation: You passively map the area around you. [Deep Dwarf growth]
  3916 | D:7      | Reached XP level 9. HP: 31/89 MP: 0/6
  3979 | D:7      | Found an ancient bone altar of Kikubaaqudgha.
  4074 | D:7      | Found a staircase to the Ecumenical Temple.
  4093 | Temple   | Entered the Ecumenical Temple
  4184 | Temple   | Became a worshipper of Makhleb the Destroyer
  4295 | D:7      | Reached skill level 8 in Axes
  4364 | D:7      | Found Ysmagat's Jewellery Shop.
  4743 | D:8      | HP: 2/89 [orc warrior/mace (5)]
  4744 | D:8      | Slain by an orc warrior

Vault maps used:
D:1:      dpeg_arrival_refuge
D:3:      nicolae_overflow_hidden_temple, old_standard_altar,
          nemelex_xobeh_ov_fountains_minmay, kennysheep_generic_room_7
D:4:      first_ration, serial_shops, shop, uniq_sigmund
D:7:      kiku_gazebo_garden_becter, minmay_temple_entry_purple_smoke,
          serial_shops, kennysheep_little_box, kennysheep_crisscross
Temple:   regret_index_temple_mists

Skill      XL: |  1  2  3  4  5  6  7  8  9 |
---------------+----------------------------+-----
Fighting       | 3 4 5 |  5.4
Dodging        | 1 2 3 4 5 |  5.5
Axes           | 3 4 5 6 7 8 |  8.5
Armour         | 4 5 6 |  6.5
Shields        | 4 5 6 |  6.5

Action                   |  1- 3 |  4- 6 |  7- 9 || total
-------------------------+-------+-------+-------++-------
Melee: War axe           |   101 |   146 |   226 ||   473
       Headbutt          |    10 |    14 |    51 ||    75
 Abil: Heal Wounds       |       |     1 |     8 ||     9
  Use: Potion            |     7 |     7 |     5 ||    19
       Scroll            |     6 |     3 |     4 ||    13
  Eat: Chunk             |     2 |     4 |     7 ||    13
Armor: Scale mail        |    40 |    45 |       ||    85
       Chain mail        |       |    34 |   111 ||   145
Dodge: Dodged            |    28 |    41 |    64 ||   133
Block: Shield            |    81 |    94 |   184 ||   359

Table legend:
 A = Spawn XP
 B = Non-spawn XP
 C = Spawn XP percentage of total XP
 D = Spawn monster count
 E = Non-spawn monster count
 F = Spawn count percentage of total count
 G = Total turns spent on level
                    A         B        C        D         E        F      G
               +---------+---------+-------+---------+---------+-------+---------
         Total |       0 |    3745 |   0.0 |       0 |     151 |   0.0 |  4744
               +---------+---------+-------+---------+---------+-------+---------
           D:1 |       0 |      30 |   0.0 |       0 |      19 |   0.0 |   871
           D:2 |       0 |      70 |   0.0 |       0 |      26 |   0.0 |   616
           D:3 |       0 |     243 |   0.0 |       0 |      29 |   0.0 |   841
           D:4 |       0 |     552 |   0.0 |       0 |      16 |   0.0 |   625
           D:6 |       0 |    1709 |   0.0 |       0 |      28 |   0.0 |   932
           D:7 |       0 |     692 |   0.0 |       0 |      19 |   0.0 |   548
           D:8 |       0 |     449 |   0.0 |       0 |      14 |   0.0 |   197
               +---------+---------+-------+---------+---------+-------+---------
